 Dungeon Crawl Stone Soup version 0.20-b1 (webtiles) character file.

2299 CanadianGator the Ogre Mage (level 9, 0/74 HPs)
             Began as an Ogre Fire Elementalist on May 25, 2017.
             Was a Follower of Ru.
             Slain by a killer bee (3 damage)
             ... on level 7 of the Dungeon.
             The game lasted 00:23:14 (5877 turns).

CanadianGator the Ogre Mage (OgFE)                  Turns: 5877, Time: 00:23:16

Health: 0/74       AC:  3    Str: 14    XL:     9   Next: 40%
Magic:  19/19      EV: 10    Int: 25    God:    Ru [*.....]
Gold:   331        SH:  0    Dex: 14    Spells: 12/21 levels left

rFire    . . .     SeeInvis .   p - +9 trident "Maygat" {chaos, *Corrode Int+7 Dex+4}
rCold    . . .     Gourm    .   (no shield)
rNeg     . . .     Faith    .   a - +0 robe
rPois    .         Spirit   .   (helmet restricted)
rElec    .         Reflect  .   (no cloak)
rCorr    .         Harm     .   (gloves unavailable)
MR       .....                  (boots unavailable)
Stlth    ++........             t - amulet of regeneration
Regen    0.7/turn               (no ring)
MPRegen  0.2/turn               (no ring)

@: lethally poisoned (0 -> -35)
A: unfitting armour, tough skin 1, no earth magic, no summoning magic, no
transmutations magic
a: Renounce Religion


You were on level 7 of the Dungeon.
You worshipped Ru.
Ru was aware of your devotion.
You were not hungry.

You visited 1 branch of the dungeon, and saw 7 of its levels.

You collected 331 gold pieces.

Inventory:

Hand Weapons
 d - a +2 hunting sling of flaming
 i - a +0 giant spiked club
 l - a +2 war axe of electrocution
 o - a +0 giant club
 p - the +9 trident "Maygat" (weapon) {chaos, *Corrode Int+7 Dex+4}
   (You found it on level 4 of the Dungeon)

   Each time it hits an enemy it has a different, random effect.
   It affects your intelligence (+7).
   It affects your dexterity (+4).
   It may corrode you when you take damage.
 u - a +7 quick blade
 v - a +3 short sword of speed
 z - a +0 morningstar
Missiles
 j - 124 stones
 r - a tomahawk (quivered)
Armour
 a - a +0 robe (worn)
Jewellery
 s - an uncursed amulet of faith
 t - an amulet of regeneration (around neck)
 y - an uncursed amulet of rage
Wands
 h - a wand of enslavement (21/24)
Scrolls
 k - a scroll of fog
 m - 2 scrolls of remove curse
 w - a scroll of enchant weapon
 A - a scroll of enchant armour {unknown}
 F - a scroll of teleportation {unknown}
Potions
 e - a potion of cancellation
 q - a potion of berserk rage {unknown}
 x - a potion of haste {unknown}
 B - a potion of curing {unknown}
 C - 2 potions of might
Books
 b - a book of Flames

   Spells                             Type                      Level
   a - Flame Tongue                   Conjuration/Fire             1
   b - Throw Flame                    Conjuration/Fire             2
   c - Conjure Flame                  Conjuration/Fire             3
   d - Inner Flame                    Hexes/Fire                   3
   e - Sticky Flame                   Conjuration/Fire             4
   f - Fireball                       Conjuration/Fire             5
Comestibles
 c - 4 bread rations
 f - 2 royal jellies
 g - 13 fruits
 D - a meat ration


   Skills:
 + Level 5.8 Throwing
 - Level 1.7 Dodging
 - Level 1.4 Stealth
 + Level 6.9 Spellcasting
 + Level 5.9 Conjurations
 + Level 6.1 Fire Magic


You had 12 spell levels left.
You knew the following spells:

 Your Spells              Type           Power        Failure   Level  Hunger
a - Throw Flame           Conj/Fire      #####.       1%          2    None
b - Conjure Flame         Conj/Fire      #####...     1%          3    None
c - Sticky Flame          Conj/Fire      #####...     5%          4    ###....


Dungeon Overview and Level Annotations

Branches:
Dungeon (7/15)
 Temple: D:4-7

Altars:
Cheibriados
Dithmenos
Fedhas
Kikubaaqudgha
Makhleb
Ru
Sif Muna
Xom


Innate Abilities, Weirdness & Mutations

You are too large for most types of armour.
You have tough skin. (AC +1)
You cannot study or cast Earth magic.
You cannot study or cast Summoning magic.
You cannot study or cast Transmutations magic.


Message History

You are more poisoned.
The killer bee poisons you! The killer bee stings you.
You are more poisoned.
The killer bee poisons you! The killer bee stings you!
* * * LOW HITPOINT WARNING * * *
Unknown command.
You miss the killer bee.
* * * LOW HITPOINT WARNING * * *
You feel very sick. The killer bee stings you.
* * * LOW HITPOINT WARNING * * *
The killer bee stings you!
* * * LOW HITPOINT WARNING * * *
You are more poisoned.
The killer bee poisons you! The killer bee stings you.
* * * LOW HITPOINT WARNING * * *
You are more poisoned.
The killer bee poisons you! The killer bee completely misses you.
The killer bee stings you.
You die...

#. ..###. ##..
#.############...... ###
#..................
####.................
..#...............#
#.#...............#
#.##........†.....#
#..#.....<.......##
##.#.##.#y@###.### #
#..<.....yy#...############
#.........y................
#..................########
#..................#
#..................#
#........#.######.#####
#...........## #.....#
......##.#...# #####.##


You could see 4 killer bees.

Vanquished Creatures
  The ghost of FakerFangirl the Basher, a novice DrFi (D:5)
  The ghost of FakerFangirl the Cudgeler, an amateur DrFi (D:6)
  The ghost of CanadianGator the Bolt Thrower, an amateur KoHu of Uskayaw (D:3)
  An ice beast (D:6)
  An orc warrior (D:5)
  A sky beast (D:7)
  A black bear (D:6)
  3 ogres
  3 centaurs
  A bullfrog (D:6)
  A killer bee (D:7)
  A howler monkey (D:4)
  2 bullfrog zombies
  2 centaur zombies
  2 orc wizards
  A bullfrog skeleton (D:5)
  5 hounds
  2 worker ants (D:6)
  A worker ant zombie (D:6)
  2 gnolls (D:6)
  5 adders
  A shadow imp (D:6)
  2 oozes (D:3)
  2 dart slugs (D:3)
  4 leopard geckos
  9 orcs
  5 giant cockroaches
  9 goblins
  6 hobgoblins
  7 jackals
  6 quokkas
  11 bats
  4 frilled lizards
  A jackal skeleton (D:2)
  A jackal zombie (D:6)
  8 kobolds
  12 rats
126 creatures vanquished.

Vanquished Creatures (others)
  A killer bee (D:7)
1 creature vanquished.

Grand Total: 127 creatures vanquished

Notes
Turn   | Place    | Note
-------+----------+-------------------------------------------
     0 | D:1      | CanadianGator the Ogre Fire Elementalist began the quest for the Orb.
     0 | D:1      | Reached XP level 1. HP: 16/16 MP: 3/3
    84 | D:1      | Reached skill level 1 in Conjurations
   317 | D:1      | Reached XP level 2. HP: 24/24 MP: 3/5
   879 | D:2      | Reached XP level 3. HP: 31/31 MP: 7/7
  1018 | D:2      | Found a shadowy altar of Dithmenos.
  1022 | D:2      | Found a sacrificial altar of Ru.
  1118 | D:2      | Became a worshipper of Ru the Awakened
  1338 | D:2      | Learned a level 3 spell: Conjure Flame
  1344 | D:2      | Reached skill level 1 in Throwing
  1373 | D:2      | Reached XP level 4. HP: 39/39 MP: 8/8
  1702 | D:3      | Noticed CanadianGator's ghost (amateur KoHu)
  1726 | D:3      | Killed CanadianGator's ghost
  1726 | D:3      | Reached XP level 5. HP: 33/45 MP: 3/11
  1726 | D:3      | Reached XP level 6. HP: 39/53 MP: 3/12
  1750 | D:3      | Found a snail-covered altar of Cheibriados.
  1800 | D:3      | Found a blossoming altar of Fedhas.
  2141 | D:3      | Gained mutation: You cannot study or cast Earth magic. [Ru sacrifice]
  2141 | D:3      | Gained mutation: You cannot study or cast Transmutations magic. [Ru sacrifice]
  2141 | D:3      | Gained mutation: You cannot study or cast Summoning magic. [Ru sacrifice]
  2141 | D:3      | Reached * piety under Ru
  2516 | D:4      | Learned a level 2 spell: Throw Flame
  2521 | D:4      | Learned a level 4 spell: Sticky Flame
  2602 | D:4      | Got a blackened trident
  2603 | D:4      | Identified the +9 trident "Maygat" {chaos, *Corrode Int+7 Dex+4} (You found it on level 4 of the Dungeon)
  2821 | D:4      | Reached XP level 7. HP: 59/59 MP: 8/13
  2925 | D:5      | Entered Level 5 of the Dungeon
  2973 | D:5      | Noticed FakerFangirl's ghost (novice DrFi)
  2990 | D:5      | Killed FakerFangirl's ghost
  2990 | D:5      | Reached skill level 5 in Spellcasting
  3213 | D:5      | Reached XP level 8. HP: 67/67 MP: 11/15
  3491 | D:5      | Found a deep blue altar of Sif Muna.
  3561 | D:5      | Found a shimmering altar of Xom.
  3627 | D:5      | Found a burning altar of Makhleb.
  3817 | D:6      | Noticed FakerFangirl's ghost (amateur DrFi)
  3846 | D:6      | Killed FakerFangirl's ghost
  3846 | D:6      | Reached skill level 5 in Conjurations
  3846 | D:6      | Reached skill level 5 in Fire Magic
  4492 | D:6      | Reached skill level 5 in Throwing
  4625 | D:6      | Reached XP level 9. HP: 13/74 MP: 11/18
  5818 | D:7      | Found an ancient bone altar of Kikubaaqudgha.
  5877 | D:7      | HP: 3/74 [killer bee (5)]
  5877 | D:7      | Slain by a killer bee

Skill      XL: |  1  2  3  4  5  6  7  8  9 |
---------------+----------------------------+-----
Conjurations   | 1 2 3 4 5 |  5.9
Spellcasting   | 3 4 5 6 |  6.9
Fire Magic     | 3 4 5 6 |  6.1
Throwing       | 1 2 3 5 |  5.8
Dodging        | |  1.7
Stealth        | |  1.4

Action                   |  1- 3 |  4- 6 |  7- 9 || total
-------------------------+-------+-------+-------++-------
Melee: Unarmed           |     3 |       |       ||     3
       Quick blade       |    21 |    54 |       ||    75
       Club              |     1 |       |       ||     1
       Trident           |       |     8 |   116 ||   124
Throw: Tomahawk          |    40 |     8 |     3 ||    51
       Stone             |    18 |    28 |       ||    46
 Cast: Flame Tongue      |    37 |    16 |       ||    53
       Throw Flame       |       |     6 |    39 ||    45
       Conjure Flame     |       |     3 |     7 ||    10
       Sticky Flame      |       |       |     2 ||     2
Invok: Sacrifice Arcana  |       |     1 |       ||     1
  Use: Scroll            |     7 |     5 |     3 ||    15
       Potion            |       |     4 |     4 ||     8
 Stab: Sleeping          |       |     3 |     4 ||     7
       Paralysed         |       |       |     2 ||     2
       Distracted        |       |       |     1 ||     1
  Eat: Chunk             |     1 |     5 |     3 ||     9
       Meat ration       |       |       |     1 ||     1
       Royal jelly       |       |       |     1 ||     1
Armor: Robe              |    29 |    14 |    14 ||    57
       Skin              |       |       |    17 ||    17
Dodge: Dodged            |    43 |    23 |    43 ||   109
